[ AOE2 MATCH · #507391367 ]
UnrankedPersians vs Mapuche
[ REPLAY ANALYSIS · EXTRACTED FROM THE RECORDED GAME ]
Feudal
6:53
Castle
10:31
Imperial
26:25
| APM avg | 18.1 |
| APM peak | 37 |
| eAPM avg | 15.2 |
| Villagers / military | 158 / 217 |
Focus
⚔️ 32.9% · 🌾 67.1%
War Elephant ×217 · Trade Cart ×44
Feudal
7:12
Castle
11:07
Imperial
27:28
| APM avg | 27.0 |
| APM peak | 62 |
| eAPM avg | 17.7 |
| Villagers / military | 192 / 383 |
Focus
⚔️ 34.9% · 🌾 65.1%
Bolas Rider ×188 · Spearman ×166 · Unknown (2550) ×36 · Skirmisher ×20 · Trade Cart ×12 · Monk ×6
Feudal
8:26
Castle
11:57
Imperial
25:20
| APM avg | 24.0 |
| APM peak | 91 |
| eAPM avg | 14.1 |
| Villagers / military | 136 / 177 |
Focus
⚔️ 29.0% · 🌾 71.0%
Scorpion ×154 · Trade Cart ×32 · Mangonel ×11 · Battering Ram ×10 · Monk ×1 · Trebuchet (Packed) ×1
Feudal
8:09
Castle
12:04
Imperial
27:45
| APM avg | 39.4 |
| APM peak | 81 |
| eAPM avg | 19.2 |
| Villagers / military | 135 / 220 |
Focus
⚔️ 34.5% · 🌾 65.5%
Spearman ×174 · Hand Cannoneer ×25 · Bombard Cannon ×18 · Trade Cart ×16 · Hussite Wagon ×2 · Monk ×1
Feudal
7:13
Castle
10:44
Imperial
25:17
| APM avg | 29.7 |
| APM peak | 66 |
| eAPM avg | 13.9 |
| Villagers / military | 114 / 63 |
Focus
⚔️ 29.8% · 🌾 70.2%
Conquistador ×33 · Knight ×15 · Trade Cart ×15 · Bombard Cannon ×13 · Missionary ×2
Feudal
8:50
Castle
12:24
Imperial
34:07
| APM avg | 36.0 |
| APM peak | 100 |
| eAPM avg | 24.0 |
| Villagers / military | 167 / 300 |
Focus
⚔️ 24.6% · 🌾 75.4%
Skirmisher ×187 · Mameluke ×108 · Trade Cart ×27 · Battering Ram ×3 · Mangonel ×1 · Trebuchet (Packed) ×1
Feudal
8:22
Castle
11:55
Imperial
38:41
| APM avg | 14.5 |
| APM peak | 55 |
| eAPM avg | 12.1 |
| Villagers / military | 130 / 172 |
Focus
⚔️ 26.9% · 🌾 73.1%
Spearman ×145 · Petard ×18 · Huskarl ×9
Feudal
7:13
Castle
10:30
Imperial
31:19
| APM avg | 17.5 |
| APM peak | 52 |
| eAPM avg | 13.6 |
| Villagers / military | 126 / 89 |
Focus
⚔️ 21.3% · 🌾 78.7%
Scorpion ×83 · Trade Cart ×45 · Mangonel ×2 · Ballista Elephant ×2 · Trebuchet (Packed) ×2
Match map
Initial resources + every placement click. Lines = walls · curves = elevation contours. ◆ gold · ⬟ stone · ● berries · ✦ relic · ◌ wall gap
Your base· ✓ Closed at 10:31 · 14t walls · 8 gate(s)
GAX | Soldado_Medeiros's base· ✓ Closed at 11:07 · 0t walls · 9 gate(s)
Bananaman651's base· ✓ Closed at 11:57 · 1t walls · 5 gate(s)
CTM | SUNYQ's base· ✓ Closed at 12:04 · 15t walls · 6 gate(s)
IRON MIKE's base· ✓ Closed at 10:44 · 0t walls · 7 gate(s)
PSX | King's base· ✓ Closed at 12:24 · 10t walls · 7 gate(s)
PoopMaster's base· ✓ Closed at 11:55 · 0t walls · 5 gate(s)
CTM | Franco*'s base· ✓ Closed at 10:30 · 11t walls · 6 gate(s)
Smoothed initial terrain · ◌ = detected wall gap · hover for details
Inputs per minute
— CTM | chiwire - - GAX | Soldado_Medeiros
Build order — CTM | chiwire
First 150 of 563 actions detected
| 0:03 | Queue | Villager (Male) |
| 0:04 | Queue | Villager (Male) |
| 0:04 | Queue | Villager (Male) |
| 0:04 | Queue | Villager (Male) |
| 0:10 | Queue | Villager (Male) |
| 0:29 | Build | Mill |
| 1:04 | Queue | Villager (Male) |
| 1:48 | Build | Lumber Camp |
| 1:51 | Queue | Villager (Male) |
| 2:07 | Build | House |
| 2:16 | Queue | Villager (Male) |
| 2:27 | Queue | Villager (Male) |
| 2:27 | Queue | Villager (Male) |
| 2:42 | Queue | Villager (Male) |
| 2:42 | Queue | Villager (Male) |
| 2:43 | Queue | Villager (Male) |
| 3:41 | Build | Farm |
| 4:06 | Build | Mining Camp |
| 4:35 | Research | Feudal Age |
| 5:00 | Queue | Villager (Male) |
| 5:01 | Queue | Villager (Male) |
| 5:04 | Research | Loom |
| 6:53 | Age | Feudal Age |
| 6:58 | Build | Market |
| 7:01 | Build | Blacksmith |
| 8:06 | Research | Castle Age |
| 8:06 | Research | Castle Age |
| 8:48 | Build | Stone Wall |
| 8:56 | Build | Stone Wall |
| 9:10 | Research | Double-Bit Axe |
| 9:18 | Research | Horse Collar |
| 9:54 | Build | Gate |
| 10:10 | Queue | Villager (Male) |
| 10:31 | Age | Castle Age |
| 10:34 | Build | Town Center |
| 10:43 | Research | Bow Saw |
| 10:55 | Queue | Villager (Male) |
| 11:14 | Queue | Villager (Male) |
| 11:26 | Build | Farm |
| 11:32 | Build | Farm |
| 11:42 | Queue | Villager (Male) |
| 12:08 | Queue | Villager (Male) |
| 12:08 | Queue | Villager (Male) |
| 12:19 | Build | Farm |
| 12:21 | Build | Farm |
| 12:28 | Build | Farm |
| 12:29 | Queue | Villager (Male) |
| 12:32 | Queue | Villager (Male) |
| 12:56 | Build | Farm |
| 12:59 | Build | Farm |
| 13:02 | Queue | Villager (Male) |
| 13:02 | Queue | Villager (Male) |
| 13:07 | Build | Farm |
| 13:08 | Queue | Villager (Male) |
| 13:29 | Build | Farm |
| 13:30 | Queue | Villager (Male) |
| 13:35 | Build | Farm |
| 13:40 | Queue | Villager (Male) |
| 13:49 | Queue | Villager (Male) |
| 13:49 | Queue | Villager (Male) |
| 13:57 | Build | Farm |
| 14:03 | Build | Farm |
| 14:03 | Queue | Villager (Male) |
| 14:04 | Queue | Villager (Male) |
| 14:11 | Queue | Villager (Male) |
| 14:19 | Build | House |
| 14:20 | Build | House |
| 14:25 | Queue | Villager (Male) |
| 14:25 | Queue | Villager (Male) |
| 14:28 | Build | Farm |
| 14:33 | Build | Farm |
| 14:34 | Queue | Villager (Male) |
| 14:41 | Build | Farm |
| 14:42 | Queue | Villager (Male) |
| 14:42 | Queue | Villager (Male) |
| 14:54 | Queue | Villager (Male) |
| 15:00 | Queue | Villager (Male) |
| 15:06 | Queue | Villager (Male) |
| 15:23 | Build | Farm |
| 15:26 | Build | Farm |
| 15:29 | Build | Farm |
| 15:30 | Queue | Villager (Male) |
| 15:30 | Queue | Villager (Male) |
| 15:34 | Build | House |
| 15:35 | Build | House |
| 15:39 | Build | House |
| 15:40 | Queue | Villager (Male) |
| 15:40 | Queue | Villager (Male) |
| 15:40 | Queue | Villager (Male) |
| 15:50 | Queue | Villager (Male) |
| 16:02 | Build | Stone Wall |
| 16:07 | Queue | Villager (Male) |
| 16:16 | Queue | Villager (Male) |
| 16:17 | Queue | Villager (Male) |
| 16:24 | Build | Town Center |
| 16:26 | Queue | Villager (Male) |
| 16:28 | Build | House |
| 16:29 | Build | House |
| 16:33 | Queue | Villager (Male) |
| 16:33 | Queue | Villager (Male) |
| 16:42 | Queue | Villager (Male) |
| 16:46 | Build | Farm |
| 17:12 | Queue | Villager (Male) |
| 17:32 | Queue | Villager (Male) |
| 17:32 | Queue | Villager (Male) |
| 17:32 | Queue | Villager (Male) |
| 17:34 | Queue | Villager (Male) |
| 17:34 | Queue | Villager (Male) |
| 17:36 | Build | Farm |
| 17:37 | Build | Farm |
| 17:40 | Queue | Villager (Male) |
| 17:40 | Queue | Villager (Male) |
| 17:50 | Build | Gate |
| 17:51 | Queue | Villager (Male) |
| 17:58 | Build | Farm |
| 18:00 | Build | Farm |
| 18:03 | Build | Farm |
| 18:04 | Queue | Villager (Male) |
| 18:04 | Queue | Villager (Male) |
| 18:05 | Queue | Villager (Male) |
| 18:10 | Build | House |
| 18:11 | Build | House |
| 18:12 | Build | House |
| 18:13 | Build | House |
| 18:37 | Queue | Villager (Male) |
| 18:53 | Queue | Villager (Male) |
| 18:53 | Queue | Villager (Male) |
| 18:53 | Queue | Villager (Male) |
| 18:54 | Queue | Villager (Male) |
| 19:02 | Build | Town Center |
| 19:05 | Queue | Villager (Male) |
| 19:05 | Queue | Villager (Male) |
| 19:13 | Build | Gate |
| 19:20 | Build | Stone Wall |
| 19:31 | Queue | Villager (Male) |
| 19:31 | Queue | Villager (Male) |
| 19:32 | Queue | Villager (Male) |
| 19:32 | Queue | Villager (Male) |
| 19:35 | Build | Farm |
| 19:36 | Build | Farm |
| 19:36 | Build | Farm |
| 19:36 | Build | Farm |
| 19:36 | Build | Farm |
| 19:37 | Build | Farm |
| 19:37 | Build | Farm |
| 19:37 | Build | Farm |
| 19:40 | Queue | Villager (Male) |
| 20:00 | Queue | Villager (Male) |
| 20:00 | Queue | Villager (Male) |
| 20:06 | Build | House |
Build order — GAX | Soldado_Medeiros
First 150 of 518 actions detected
| 0:01 | Queue | Villager (Male) |
| 0:01 | Queue | Villager (Male) |
| 0:01 | Queue | Villager (Male) |
| 0:01 | Queue | Villager (Male) |
| 0:11 | Build | Settlement |
| 1:06 | Queue | Villager (Male) |
| 1:32 | Queue | Villager (Male) |
| 2:20 | Queue | Villager (Male) |
| 2:20 | Queue | Villager (Male) |
| 2:41 | Queue | Villager (Male) |
| 2:42 | Queue | Villager (Male) |
| 3:03 | Build | Settlement |
| 3:13 | Queue | Villager (Male) |
| 3:14 | Queue | Villager (Male) |
| 4:06 | Build | Farm |
| 4:11 | Queue | Villager (Male) |
| 4:30 | Queue | Villager (Male) |
| 4:33 | Build | Farm |
| 5:02 | Research | Feudal Age |
| 5:38 | Build | Farm |
| 6:26 | Queue | Villager (Male) |
| 7:12 | Age | Feudal Age |
| 7:17 | Build | Market |
| 7:24 | Queue | Villager (Male) |
| 7:43 | Build | Blacksmith |
| 7:56 | Queue | Villager (Male) |
| 8:15 | Research | Castle Age |
| 8:55 | Build | Farm |
| 8:57 | Research | Double-Bit Axe |
| 9:42 | Research | Horse Collar |
| 10:26 | Queue | Villager (Male) |
| 11:07 | Age | Castle Age |
| 11:09 | Build | Town Center |
| 11:13 | Research | Bow Saw |
| 11:15 | Queue | Villager (Male) |
| 11:35 | Queue | Villager (Male) |
| 11:46 | Build | Town Center |
| 12:00 | Queue | Villager (Male) |
| 12:13 | Queue | Spearman |
| 12:19 | Queue | Villager (Male) |
| 12:24 | Build | Monastery |
| 12:28 | Queue | Villager (Male) |
| 12:40 | Build | Farm |
| 12:40 | Build | Farm |
| 12:43 | Queue | Villager (Male) |
| 12:53 | Queue | Villager (Male) |
| 13:01 | Research | Wheelbarrow |
| 13:11 | Queue | Villager (Male) |
| 13:11 | Queue | Villager (Male) |
| 13:11 | Queue | Villager (Male) |
| 13:13 | Queue | Monk |
| 13:24 | Build | Farm |
| 13:29 | Build | Farm |
| 13:32 | Build | Farm |
| 13:33 | Queue | Villager (Male) |
| 13:37 | Build | Farm |
| 13:48 | Build | Farm |
| 13:53 | Queue | Villager (Male) |
| 13:54 | Queue | Villager (Male) |
| 13:58 | Build | Farm |
| 14:16 | Build | Farm |
| 14:18 | Queue | Villager (Male) |
| 14:25 | Build | Farm |
| 14:27 | Build | Farm |
| 14:28 | Queue | Villager (Male) |
| 14:28 | Queue | Villager (Male) |
| 14:39 | Build | House |
| 14:40 | Build | House |
| 14:43 | Research | Loom |
| 14:43 | Queue | Villager (Male) |
| 14:48 | Queue | Villager (Male) |
| 14:48 | Queue | Villager (Male) |
| 14:55 | Build | Farm |
| 14:57 | Build | Farm |
| 15:04 | Build | Farm |
| 15:04 | Queue | Villager (Male) |
| 15:04 | Queue | Villager (Male) |
| 15:09 | Build | Farm |
| 15:13 | Queue | Villager (Male) |
| 15:13 | Queue | Villager (Male) |
| 15:20 | Queue | Villager (Male) |
| 15:34 | Build | Archery Range |
| 15:45 | Queue | Villager (Male) |
| 15:53 | Queue | Villager (Male) |
| 15:54 | Queue | Villager (Male) |
| 16:02 | Build | House |
| 16:14 | Build | House |
| 16:16 | Build | House |
| 16:18 | Queue | Villager (Male) |
| 16:20 | Research | Fletching |
| 16:22 | Queue | Bolas Rider |
| 16:25 | Queue | Villager (Male) |
| 16:31 | Build | Archery Range |
| 16:35 | Queue | Villager (Male) |
| 16:35 | Queue | Villager (Male) |
| 16:41 | Build | Archery Range |
| 16:44 | Queue | Villager (Male) |
| 16:45 | Queue | Villager (Male) |
| 16:49 | Queue | Villager (Male) |
| 17:00 | Queue | Bolas Rider |
| 17:02 | Research | Padded Archer Armor |
| 17:04 | Queue | Villager (Male) |
| 17:04 | Queue | Villager (Male) |
| 17:24 | Build | Town Center |
| 17:25 | Queue | Villager (Male) |
| 17:25 | Queue | Villager (Male) |
| 17:29 | Queue | Bolas Rider |
| 17:31 | Build | House |
| 17:38 | Research | Gold Mining |
| 17:40 | Queue | Villager (Male) |
| 17:43 | Queue | Villager (Male) |
| 17:43 | Queue | Villager (Male) |
| 17:53 | Build | House |
| 17:55 | Queue | Bolas Rider |
| 17:56 | Queue | Villager (Male) |
| 18:11 | Build | House |
| 18:11 | Queue | Villager (Male) |
| 18:11 | Queue | Villager (Male) |
| 18:21 | Queue | Villager (Male) |
| 18:24 | Build | House |
| 18:28 | Queue | Bolas Rider |
| 18:28 | Queue | Bolas Rider |
| 18:29 | Queue | Villager (Male) |
| 18:34 | Queue | Villager (Male) |
| 18:39 | Build | Farm |
| 18:42 | Queue | Villager (Male) |
| 18:56 | Queue | Villager (Male) |
| 19:17 | Build | Settlement |
| 19:18 | Queue | Villager (Male) |
| 19:19 | Queue | Villager (Male) |
| 19:21 | Queue | Villager (Male) |
| 19:21 | Queue | Villager (Male) |
| 19:24 | Build | House |
| 19:25 | Build | House |
| 19:25 | Build | House |
| 19:35 | Queue | Bolas Rider ×4 |
| 19:35 | Queue | Villager (Male) |
| 19:35 | Queue | Villager (Male) |
| 19:43 | Queue | Villager (Male) |
| 19:44 | Queue | Villager (Male) |
| 19:47 | Build | Farm |
| 19:50 | Queue | Villager (Male) |
| 19:52 | Build | Farm |
| 19:52 | Build | Farm |
| 19:53 | Build | Farm |
| 19:53 | Build | Farm |
| 19:53 | Build | Farm |
| 19:54 | Build | Farm |
| 19:54 | Build | Farm |
| 19:54 | Build | Farm |
Build order — Bananaman651
First 150 of 343 actions detected
| 0:00 | Queue | Villager (Male) |
| 0:01 | Queue | Villager (Male) |
| 0:01 | Queue | Villager (Male) |
| 0:11 | Build | Lumber Camp |
| 0:15 | Queue | Villager (Male) |
| 0:15 | Queue | Villager (Male) |
| 1:12 | Queue | Villager (Male) |
| 1:27 | Build | Palisade Wall |
| 1:28 | Build | Mill |
| 2:02 | Queue | Villager (Male) |
| 2:03 | Queue | Villager (Male) |
| 2:03 | Queue | Villager (Male) |
| 2:03 | Queue | Villager (Male) |
| 2:03 | Queue | Villager (Male) |
| 2:23 | Queue | Villager (Male) |
| 2:23 | Queue | Villager (Male) |
| 3:07 | Queue | Villager (Male) |
| 3:17 | Queue | Villager (Male) |
| 3:18 | Queue | Villager (Male) |
| 3:28 | Build | Mining Camp |
| 3:46 | Build | Farm |
| 3:48 | Queue | Villager (Male) |
| 3:54 | Build | Farm |
| 4:02 | Build | Farm |
| 4:39 | Queue | Villager (Male) |
| 5:27 | Research | Feudal Age |
| 7:06 | Build | Farm |
| 7:09 | Build | Farm |
| 7:13 | Build | Farm |
| 7:52 | Queue | Villager (Male) |
| 8:18 | Queue | Villager (Male) |
| 8:26 | Age | Feudal Age |
| 8:27 | Build | Market |
| 8:30 | Build | Blacksmith |
| 8:31 | Build | House |
| 8:38 | Research | Double-Bit Axe |
| 9:17 | Research | Castle Age |
| 9:17 | Research | Castle Age |
| 9:57 | Research | Horse Collar |
| 11:37 | Queue | Villager (Male) |
| 11:52 | Research | Loom |
| 11:55 | Queue | Villager (Male) |
| 11:57 | Age | Castle Age |
| 12:00 | Research | Bow Saw |
| 12:08 | Build | Town Center |
| 12:20 | Queue | Villager (Male) |
| 12:44 | Research | Heavy Plow |
| 12:51 | Queue | Villager (Male) |
| 13:05 | Queue | Villager (Male) |
| 13:21 | Queue | Villager (Male) |
| 13:21 | Queue | Villager (Male) |
| 13:42 | Build | Town Center |
| 13:49 | Queue | Villager (Male) |
| 13:49 | Queue | Villager (Male) |
| 13:50 | Queue | Villager (Male) |
| 14:03 | Build | Mining Camp |
| 14:11 | Queue | Villager (Male) |
| 14:25 | Queue | Villager (Male) |
| 14:25 | Queue | Villager (Male) |
| 14:26 | Queue | Villager (Male) |
| 14:35 | Research | Stone Mining |
| 14:40 | Build | Monastery |
| 14:42 | Queue | Villager (Male) |
| 14:48 | Build | Farm |
| 14:53 | Queue | Villager (Male) |
| 14:54 | Queue | Villager (Male) |
| 14:54 | Queue | Villager (Male) |
| 15:09 | Build | Farm |
| 15:11 | Build | Farm |
| 15:18 | Build | House |
| 15:18 | Build | House |
| 15:19 | Build | House |
| 15:25 | Queue | Monk |
| 15:29 | Queue | Villager (Male) |
| 15:29 | Queue | Villager (Male) |
| 15:46 | Build | Stone Wall |
| 15:51 | Queue | Villager (Male) |
| 15:51 | Queue | Villager (Male) |
| 15:52 | Queue | Villager (Male) |
| 15:52 | Queue | Villager (Male) |
| 15:53 | Queue | Villager (Male) |
| 16:01 | Build | Farm |
| 16:02 | Build | Farm |
| 16:14 | Build | Gate |
| 16:17 | Queue | Villager (Male) |
| 16:17 | Queue | Villager (Male) |
| 16:32 | Queue | Villager (Male) |
| 16:32 | Queue | Villager (Male) |
| 16:32 | Queue | Villager (Male) |
| 16:42 | Build | Farm |
| 16:42 | Build | Farm |
| 16:42 | Build | Farm |
| 16:43 | Build | Farm |
| 16:46 | Build | Farm |
| 16:58 | Build | Town Center |
| 17:01 | Research | Town Watch |
| 17:02 | Queue | Villager (Male) |
| 17:02 | Queue | Villager (Male) |
| 17:05 | Build | Farm |
| 17:06 | Build | Farm |
| 17:11 | Build | Farm |
| 17:15 | Build | Farm |
| 17:16 | Build | Farm |
| 17:25 | Queue | Villager (Male) |
| 17:25 | Queue | Villager (Male) |
| 17:25 | Queue | Villager (Male) |
| 17:26 | Queue | Villager (Male) |
| 17:41 | Queue | Villager (Male) |
| 17:41 | Queue | Villager (Male) |
| 17:41 | Queue | Villager (Male) |
| 17:59 | Build | Stone Wall |
| 18:05 | Build | Gate |
| 18:18 | Queue | Villager (Male) ×5 |
| 18:24 | Build | Mill |
| 18:24 | Build | Farm |
| 18:24 | Build | Farm |
| 18:25 | Build | Farm |
| 18:25 | Build | Farm |
| 18:25 | Build | Farm |
| 18:25 | Build | Farm |
| 18:29 | Build | Farm |
| 18:30 | Build | Farm |
| 18:30 | Build | Farm |
| 18:33 | Queue | Villager (Male) ×3 |
| 18:41 | Build | House |
| 18:42 | Build | House |
| 18:43 | Build | House |
| 18:45 | Build | House |
| 19:07 | Build | Farm |
| 19:07 | Build | Farm |
| 19:09 | Build | Farm |
| 19:10 | Queue | Villager (Male) |
| 19:11 | Queue | Villager (Male) |
| 19:39 | Research | Wheelbarrow |
| 19:40 | Queue | Villager (Male) ×5 |
| 19:55 | Build | Farm |
| 19:55 | Build | Farm |
| 19:56 | Build | Farm |
| 19:56 | Build | Farm |
| 20:00 | Build | Farm |
| 20:01 | Queue | Villager (Male) ×5 |
| 20:11 | Build | Mining Camp |
| 20:17 | Research | Gold Mining |
| 20:20 | Queue | Villager (Male) ×4 |
| 20:26 | Build | House |
| 20:46 | Build | Farm |
| 20:48 | Build | Farm |
| 20:57 | Build | Farm |
| 21:00 | Build | Farm |
| 21:05 | Build | Farm |
Build order — CTM | SUNYQ
First 150 of 335 actions detected
| 0:03 | Queue | Villager (Male) ×4 |
| 0:09 | Build | Lumber Camp |
| 0:26 | Build | Mill |
| 1:00 | Queue | Villager (Male) |
| 1:51 | Queue | Villager (Male) |
| 2:18 | Queue | Villager (Male) |
| 3:29 | Queue | Villager (Male) |
| 3:30 | Queue | Villager (Male) |
| 3:32 | Queue | Villager (Male) |
| 4:15 | Build | Farm |
| 4:34 | Queue | Villager (Male) |
| 4:34 | Queue | Villager (Male) |
| 4:55 | Build | Lumber Camp |
| 5:02 | Build | Lumber Camp |
| 5:22 | Queue | Villager (Male) |
| 5:40 | Build | Mining Camp |
| 5:42 | Build | Farm |
| 5:44 | Build | Farm |
| 5:50 | Research | Feudal Age |
| 8:08 | Queue | Villager (Male) |
| 8:09 | Queue | Villager (Male) |
| 8:09 | Age | Feudal Age |
| 8:28 | Build | Market |
| 8:32 | Build | Blacksmith |
| 8:46 | Queue | Villager (Male) |
| 9:21 | Research | Castle Age |
| 11:36 | Build | Stone Wall |
| 11:41 | Queue | Villager (Male) |
| 11:41 | Queue | Villager (Male) |
| 11:41 | Queue | Villager (Male) |
| 12:04 | Age | Castle Age |
| 12:08 | Build | Town Center |
| 12:15 | Build | Town Center |
| 12:54 | Queue | Villager (Male) |
| 12:55 | Queue | Villager (Male) |
| 13:27 | Build | Palisade Wall |
| 13:34 | Queue | Villager (Male) |
| 13:35 | Queue | Villager (Male) |
| 13:51 | Research | Loom |
| 13:59 | Build | Town Center |
| 14:05 | Research | Wheelbarrow |
| 14:25 | Build | Mining Camp |
| 14:44 | Build | Farm |
| 14:51 | Queue | Villager (Male) |
| 14:51 | Queue | Villager (Male) |
| 14:52 | Queue | Villager (Male) |
| 14:52 | Queue | Villager (Male) |
| 14:57 | Research | Horse Collar |
| 14:57 | Research | Double-Bit Axe |
| 15:10 | Build | Farm |
| 15:25 | Queue | Villager (Male) |
| 15:25 | Queue | Villager (Male) |
| 15:26 | Queue | Villager (Male) |
| 15:32 | Build | Farm |
| 15:35 | Build | Farm |
| 15:37 | Build | Farm |
| 15:53 | Build | Stone Wall |
| 16:02 | Build | Gate |
| 16:10 | Queue | Villager (Male) ×5 |
| 16:16 | Build | Farm |
| 16:16 | Build | Farm |
| 16:24 | Build | Farm |
| 16:27 | Build | Farm |
| 16:30 | Build | Farm |
| 16:33 | Build | Farm |
| 16:39 | Queue | Villager (Male) |
| 16:41 | Queue | Villager (Male) |
| 16:41 | Queue | Villager (Male) |
| 16:41 | Queue | Villager (Male) |
| 16:48 | Build | House |
| 16:49 | Build | House |
| 16:50 | Build | House |
| 16:51 | Build | House |
| 16:53 | Queue | Villager (Male) |
| 17:14 | Research | Town Watch |
| 17:17 | Queue | Villager (Male) |
| 17:17 | Queue | Villager (Male) |
| 17:34 | Queue | Villager (Male) |
| 17:35 | Queue | Villager (Male) |
| 17:35 | Queue | Villager (Male) |
| 17:38 | Build | Farm |
| 17:45 | Queue | Villager (Male) |
| 17:55 | Build | Farm |
| 17:57 | Build | Farm |
| 18:00 | Build | Farm |
| 18:08 | Queue | Villager (Male) |
| 18:09 | Queue | Villager (Male) |
| 18:09 | Queue | Villager (Male) |
| 18:15 | Build | House |
| 18:19 | Build | House |
| 18:32 | Research | Bow Saw |
| 18:34 | Queue | Villager (Male) |
| 18:38 | Queue | Villager (Male) |
| 18:47 | Build | Farm |
| 18:54 | Queue | Hussite Wagon |
| 18:59 | Queue | Villager (Male) |
| 18:59 | Queue | Villager (Male) |
| 19:01 | Queue | Villager (Male) |
| 19:06 | Build | Farm |
| 19:09 | Build | Farm |
| 19:12 | Build | Farm |
| 19:15 | Build | Farm |
| 19:17 | Queue | Villager (Male) |
| 19:17 | Queue | Villager (Male) |
| 19:17 | Queue | Villager (Male) |
| 19:31 | Queue | Hussite Wagon |
| 19:39 | Queue | Villager (Male) |
| 19:40 | Queue | Villager (Male) |
| 19:52 | Build | Farm |
| 19:59 | Queue | Villager (Male) |
| 19:59 | Queue | Villager (Male) |
| 20:00 | Queue | Villager (Male) |
| 20:01 | Queue | Villager (Male) |
| 20:06 | Build | Town Center |
| 20:21 | Queue | Villager (Male) |
| 20:21 | Queue | Villager (Male) |
| 20:21 | Queue | Villager (Male) |
| 20:30 | Build | Farm |
| 20:33 | Build | Farm |
| 20:40 | Queue | Villager (Male) |
| 20:44 | Build | Farm |
| 20:48 | Build | Farm |
| 20:50 | Build | Farm |
| 20:53 | Build | Farm |
| 20:56 | Build | Farm |
| 20:58 | Queue | Villager (Male) |
| 20:58 | Queue | Villager (Male) |
| 20:59 | Queue | Villager (Male) |
| 21:04 | Build | House |
| 21:05 | Build | House |
| 21:06 | Build | House |
| 21:08 | Build | House |
| 21:21 | Build | House |
| 21:26 | Build | House |
| 21:27 | Build | House |
| 21:28 | Build | House |
| 21:30 | Build | House |
| 21:31 | Build | House |
| 21:32 | Build | House |
| 21:33 | Build | House |
| 21:35 | Queue | Villager (Male) ×5 |
| 21:45 | Research | Heavy Plow |
| 21:54 | Research | Hand Cart |
| 21:57 | Queue | Villager (Male) ×5 |
| 22:04 | Build | Farm |
| 22:09 | Build | Farm |
| 22:14 | Queue | Villager (Male) ×5 |
| 22:37 | Build | Lumber Camp |
| 22:56 | Queue | Villager (Male) ×5 |
| 22:59 | Build | Farm |
Build order — IRON MIKE
First 150 of 282 actions detected
| 0:02 | Queue | Villager (Male) |
| 0:02 | Queue | Villager (Male) |
| 0:07 | Build | Mill |
| 0:14 | Build | Lumber Camp |
| 0:24 | Queue | Villager (Male) |
| 0:33 | Queue | Villager (Male) |
| 0:53 | Queue | Villager (Male) |
| 0:53 | Queue | Villager (Male) |
| 1:37 | Queue | Villager (Male) |
| 1:37 | Queue | Villager (Male) |
| 2:10 | Queue | Villager (Male) |
| 2:58 | Queue | Villager (Male) |
| 2:58 | Queue | Villager (Male) |
| 2:59 | Queue | Villager (Male) |
| 3:48 | Queue | Villager (Male) |
| 4:12 | Queue | Villager (Male) |
| 4:16 | Build | Farm |
| 4:17 | Build | Farm |
| 4:22 | Queue | Villager (Male) |
| 4:24 | Build | Farm |
| 4:29 | Build | Farm |
| 4:42 | Research | Feudal Age |
| 4:42 | Research | Feudal Age |
| 5:09 | Build | Mining Camp |
| 6:44 | Queue | Villager (Male) |
| 6:44 | Queue | Villager (Male) |
| 7:13 | Age | Feudal Age |
| 7:24 | Build | Market |
| 7:40 | Build | Blacksmith |
| 7:51 | Queue | Villager (Male) |
| 8:04 | Research | Castle Age |
| 8:05 | Research | Castle Age |
| 9:22 | Research | Double-Bit Axe |
| 9:22 | Research | Double-Bit Axe |
| 10:36 | Queue | Villager (Male) |
| 10:44 | Age | Castle Age |
| 10:47 | Build | Town Center |
| 10:59 | Queue | Villager (Male) |
| 11:27 | Queue | Villager (Male) |
| 11:38 | Queue | Villager (Male) |
| 11:40 | Queue | Conquistador |
| 11:40 | Queue | Villager (Male) |
| 11:44 | Queue | Villager (Male) |
| 11:53 | Queue | Villager (Male) |
| 12:01 | Queue | Conquistador |
| 12:14 | Build | Stable |
| 12:17 | Queue | Villager (Male) |
| 12:17 | Queue | Villager (Male) |
| 12:26 | Research | Wheelbarrow |
| 12:27 | Queue | Villager (Male) |
| 12:27 | Queue | Villager (Male) |
| 12:27 | Queue | Villager (Male) |
| 12:47 | Build | Farm |
| 12:48 | Build | Farm |
| 12:49 | Build | Farm |
| 12:55 | Queue | Villager (Male) |
| 13:19 | Build | Farm |
| 13:42 | Queue | Villager (Male) |
| 13:44 | Research | Husbandry |
| 13:51 | Build | Farm |
| 13:53 | Build | Farm |
| 13:56 | Build | Farm |
| 13:57 | Build | Farm |
| 14:01 | Queue | Villager (Male) |
| 14:01 | Queue | Villager (Male) |
| 14:27 | Queue | Villager (Male) |
| 14:35 | Queue | Villager (Male) |
| 14:41 | Build | Farm |
| 14:42 | Build | Farm |
| 14:43 | Build | Farm |
| 14:46 | Build | Farm |
| 15:17 | Queue | Villager (Male) |
| 15:19 | Queue | Conquistador |
| 15:21 | Queue | Villager (Male) |
| 15:30 | Queue | Villager (Male) |
| 15:30 | Queue | Villager (Male) |
| 15:37 | Build | Farm |
| 15:38 | Build | Farm |
| 15:40 | Build | Farm |
| 16:17 | Queue | Villager (Male) |
| 16:17 | Queue | Villager (Male) |
| 16:23 | Build | House |
| 16:24 | Build | House |
| 16:25 | Build | House |
| 16:29 | Build | Farm |
| 16:33 | Queue | Villager (Male) |
| 17:03 | Queue | Villager (Male) |
| 17:17 | Queue | Villager (Male) |
| 17:19 | Queue | Villager (Male) |
| 17:24 | Build | Farm |
| 17:24 | Research | Horse Collar |
| 17:25 | Research | Horse Collar |
| 17:27 | Build | Farm |
| 17:28 | Queue | Villager (Male) |
| 17:31 | Queue | Conquistador |
| 17:32 | Research | Bloodlines |
| 17:33 | Research | Padded Archer Armor |
| 17:43 | Queue | Villager (Male) |
| 18:04 | Build | Town Center |
| 18:08 | Queue | Villager (Male) |
| 18:15 | Queue | Conquistador |
| 18:16 | Queue | Villager (Male) |
| 18:33 | Queue | Conquistador |
| 18:33 | Queue | Villager (Male) |
| 18:49 | Queue | Villager (Male) |
| 18:50 | Queue | Villager (Male) |
| 18:52 | Queue | Villager (Male) |
| 18:55 | Build | Farm |
| 19:27 | Queue | Villager (Male) |
| 19:29 | Queue | Villager (Male) |
| 19:34 | Research | Gold Mining |
| 19:36 | Build | Farm |
| 19:40 | Build | Monastery |
| 19:42 | Queue | Villager (Male) |
| 19:59 | Build | Farm |
| 20:02 | Build | Farm |
| 20:07 | Queue | Villager (Male) |
| 20:08 | Queue | Villager (Male) |
| 20:09 | Queue | Villager (Male) |
| 20:11 | Build | House |
| 20:12 | Build | House |
| 20:14 | Build | House |
| 20:15 | Build | House |
| 20:30 | Queue | Villager (Male) |
| 20:31 | Queue | Villager (Male) |
| 20:32 | Research | Hand Cart |
| 20:39 | Build | House |
| 20:44 | Build | House |
| 20:47 | Queue | Villager (Male) |
| 20:50 | Build | Mining Camp |
| 20:56 | Build | Lumber Camp |
| 21:01 | Build | Farm |
| 21:47 | Queue | Conquistador |
| 21:47 | Queue | Villager (Male) |
| 22:04 | Queue | Villager (Male) |
| 22:07 | Research | Imperial Age |
| 22:07 | Research | Imperial Age |
| 22:11 | Build | House |
| 22:12 | Build | House |
| 22:12 | Build | House |
| 22:14 | Queue | Villager (Male) |
| 22:19 | Build | University |
| 22:23 | Queue | Villager (Male) |
| 22:26 | Queue | Missionary |
| 22:26 | Queue | Missionary |
| 22:44 | Queue | Villager (Male) |
| 23:06 | Build | House |
| 23:08 | Build | House |
| 23:09 | Queue | Villager (Male) |
| 23:19 | Queue | Villager (Male) |
Build order — PSX | King
First 150 of 546 actions detected
| 0:00 | Queue | Villager (Male) |
| 0:01 | Queue | Villager (Male) |
| 0:01 | Queue | Villager (Male) |
| 0:01 | Queue | Villager (Male) |
| 0:01 | Queue | Villager (Male) |
| 0:12 | Build | Lumber Camp |
| 0:47 | Build | Mill |
| 1:23 | Queue | Villager (Male) |
| 1:39 | Queue | Villager (Male) |
| 1:51 | Queue | Villager (Male) |
| 2:26 | Queue | Villager (Male) |
| 2:26 | Queue | Villager (Male) |
| 2:26 | Queue | Villager (Male) |
| 3:03 | Queue | Villager (Male) |
| 3:46 | Queue | Villager (Male) |
| 3:46 | Queue | Villager (Male) |
| 3:47 | Queue | Villager (Male) |
| 3:51 | Build | Mining Camp |
| 4:14 | Queue | Villager (Male) |
| 4:14 | Queue | Villager (Male) |
| 4:15 | Queue | Villager (Male) |
| 4:47 | Build | Farm |
| 4:49 | Build | Farm |
| 4:55 | Build | Farm |
| 5:03 | Queue | Villager (Male) |
| 5:20 | Build | Lumber Camp |
| 6:11 | Research | Feudal Age |
| 6:43 | Queue | Villager (Male) |
| 6:43 | Queue | Villager (Male) |
| 6:45 | Build | Farm |
| 8:50 | Age | Feudal Age |
| 8:53 | Build | Market |
| 8:56 | Build | Blacksmith |
| 9:33 | Research | Double-Bit Axe |
| 9:44 | Research | Castle Age |
| 9:45 | Research | Castle Age |
| 9:49 | Build | Stone Wall |
| 9:51 | Queue | Villager (Male) |
| 9:58 | Research | Horse Collar |
| 10:15 | Build | Stone Wall |
| 10:28 | Build | Farm |
| 10:29 | Build | Farm |
| 10:30 | Build | Farm |
| 10:33 | Research | Scale Barding Armor |
| 10:40 | Build | Stone Wall |
| 10:51 | Research | Loom |
| 11:50 | Build | Outpost |
| 12:02 | Research | Forging |
| 12:11 | Queue | Villager (Male) |
| 12:24 | Age | Castle Age |
| 12:27 | Build | Siege Workshop |
| 12:28 | Queue | Mameluke |
| 12:29 | Queue | Mameluke |
| 12:31 | Queue | Villager (Male) |
| 12:34 | Build | Farm |
| 12:36 | Build | Farm |
| 12:50 | Build | Barracks |
| 12:52 | Queue | Villager (Male) |
| 12:54 | Queue | Mameluke |
| 13:00 | Build | Outpost |
| 13:20 | Queue | Battering Ram |
| 13:28 | Queue | Mameluke |
| 13:29 | Queue | Villager (Male) |
| 13:40 | Queue | Villager (Male) |
| 13:48 | Queue | Mameluke |
| 14:13 | Queue | Mameluke |
| 14:13 | Queue | Mameluke |
| 14:24 | Build | Outpost |
| 14:26 | Queue | Villager (Male) |
| 14:42 | Queue | Mameluke |
| 14:42 | Queue | Mameluke |
| 14:45 | Queue | Battering Ram |
| 14:45 | Queue | Battering Ram |
| 14:52 | Queue | Villager (Male) |
| 15:05 | Build | House |
| 15:05 | Build | House |
| 15:33 | Queue | Villager (Male) |
| 15:33 | Queue | Villager (Male) |
| 15:53 | Queue | Mameluke |
| 15:53 | Queue | Mameluke |
| 15:53 | Queue | Mameluke |
| 16:08 | Queue | Villager (Male) |
| 16:09 | Queue | Villager (Male) |
| 16:23 | Build | House |
| 16:24 | Build | House |
| 16:34 | Build | Outpost |
| 16:45 | Queue | Villager (Male) |
| 16:45 | Queue | Villager (Male) |
| 17:08 | Queue | Mameluke |
| 17:09 | Queue | Mameluke |
| 17:09 | Queue | Mameluke |
| 17:26 | Build | Outpost |
| 17:28 | Queue | Villager (Male) |
| 17:28 | Queue | Villager (Male) |
| 18:07 | Build | Outpost |
| 18:22 | Queue | Villager (Male) |
| 18:22 | Queue | Villager (Male) |
| 18:22 | Queue | Villager (Male) |
| 18:29 | Build | Outpost |
| 18:38 | Queue | Villager (Male) |
| 18:38 | Queue | Villager (Male) |
| 18:44 | Build | Town Center |
| 18:48 | Queue | Mangonel |
| 19:03 | Queue | Villager (Male) |
| 19:32 | Queue | Villager (Male) |
| 19:32 | Queue | Villager (Male) |
| 19:40 | Build | Town Center |
| 20:01 | Queue | Villager (Male) |
| 20:02 | Queue | Villager (Male) |
| 20:31 | Queue | Villager (Male) |
| 20:31 | Queue | Villager (Male) |
| 20:31 | Queue | Villager (Male) |
| 20:48 | Queue | Mameluke |
| 20:49 | Queue | Mameluke |
| 20:55 | Build | Farm |
| 20:55 | Build | Farm |
| 20:56 | Build | Farm |
| 20:56 | Build | Farm |
| 20:56 | Build | Farm |
| 20:56 | Build | Farm |
| 20:57 | Build | Farm |
| 21:14 | Queue | Mameluke |
| 21:14 | Queue | Mameluke |
| 21:38 | Queue | Villager (Male) |
| 21:38 | Queue | Villager (Male) |
| 21:51 | Queue | Villager (Male) |
| 21:51 | Queue | Villager (Male) |
| 21:53 | Build | Farm |
| 21:53 | Build | Farm |
| 21:53 | Build | Farm |
| 21:53 | Build | Farm |
| 21:54 | Build | Farm |
| 21:54 | Build | Farm |
| 21:55 | Build | Farm |
| 21:55 | Build | Farm |
| 21:55 | Build | Farm |
| 22:01 | Build | University |
| 22:05 | Build | Farm |
| 22:14 | Queue | Villager (Male) |
| 22:15 | Queue | Villager (Male) |
| 22:15 | Queue | Villager (Male) |
| 22:21 | Build | Farm |
| 22:30 | Queue | Villager (Male) |
| 22:30 | Queue | Villager (Male) |
| 22:33 | Build | Farm |
| 22:36 | Queue | Villager (Male) |
| 22:36 | Queue | Villager (Male) |
| 22:37 | Build | Farm |
| 22:39 | Build | Farm |
| 22:44 | Queue | Villager (Male) |
Build order — PoopMaster
First 150 of 334 actions detected
| 0:07 | Queue | Villager (Male) ×4 |
| 0:28 | Build | Mill |
| 0:46 | Build | Lumber Camp |
| 1:12 | Queue | Villager (Male) |
| 2:04 | Queue | Villager (Male) |
| 2:04 | Queue | Villager (Male) |
| 3:17 | Queue | Villager (Male) |
| 3:17 | Queue | Villager (Male) |
| 3:17 | Queue | Villager (Male) |
| 3:40 | Queue | Villager (Male) |
| 4:04 | Queue | Villager (Male) |
| 4:38 | Queue | Villager (Male) |
| 4:38 | Queue | Villager (Male) |
| 5:12 | Build | Mining Camp |
| 5:52 | Research | Feudal Age |
| 6:42 | Build | Farm |
| 6:47 | Build | Farm |
| 6:54 | Build | Farm |
| 6:57 | Build | Farm |
| 7:03 | Build | Farm |
| 7:29 | Build | Outpost |
| 8:05 | Queue | Villager (Male) |
| 8:07 | Queue | Villager (Male) |
| 8:22 | Age | Feudal Age |
| 8:28 | Build | Market |
| 8:34 | Build | Blacksmith |
| 9:15 | Research | Castle Age |
| 9:31 | Research | Double-Bit Axe |
| 10:31 | Research | Horse Collar |
| 11:10 | Research | Loom |
| 11:45 | Queue | Villager (Male) |
| 11:45 | Queue | Villager (Male) |
| 11:55 | Age | Castle Age |
| 12:19 | Build | Town Center |
| 12:26 | Queue | Villager (Male) |
| 12:26 | Queue | Villager (Male) |
| 13:14 | Queue | Villager (Male) |
| 13:15 | Queue | Villager (Male) |
| 13:15 | Queue | Villager (Male) |
| 13:16 | Queue | Villager (Male) |
| 13:16 | Queue | Villager (Male) |
| 13:16 | Queue | Villager (Male) |
| 13:40 | Build | Town Center |
| 13:43 | Queue | Villager (Male) |
| 13:44 | Queue | Villager (Male) |
| 13:53 | Research | Bow Saw |
| 13:55 | Queue | Villager (Male) |
| 14:20 | Queue | Villager (Male) |
| 14:44 | Queue | Huskarl |
| 14:44 | Queue | Huskarl |
| 15:12 | Research | Fletching |
| 15:17 | Build | Farm |
| 15:20 | Build | Farm |
| 15:25 | Build | Farm |
| 15:27 | Queue | Villager (Male) |
| 15:28 | Queue | Villager (Male) |
| 15:52 | Queue | Villager (Male) |
| 15:52 | Queue | Villager (Male) |
| 16:06 | Queue | Huskarl |
| 16:06 | Queue | Huskarl |
| 16:08 | Queue | Villager (Male) |
| 16:25 | Build | Stable |
| 16:28 | Queue | Villager (Male) |
| 16:28 | Queue | Villager (Male) |
| 16:41 | Queue | Villager (Male) |
| 16:42 | Queue | Villager (Male) |
| 16:52 | Queue | Villager (Male) |
| 16:52 | Queue | Villager (Male) |
| 17:15 | Build | Farm |
| 17:15 | Build | Farm |
| 17:15 | Build | Farm |
| 17:15 | Build | Farm |
| 17:16 | Build | Farm |
| 17:16 | Build | Farm |
| 17:16 | Build | Farm |
| 17:16 | Build | Farm |
| 17:17 | Build | Farm |
| 17:17 | Build | Farm |
| 17:17 | Build | Farm |
| 17:39 | Queue | Villager (Male) |
| 18:14 | Build | Mill |
| 18:15 | Build | Farm |
| 18:15 | Build | Farm |
| 18:16 | Build | Farm |
| 18:16 | Build | Farm |
| 18:16 | Build | Farm |
| 18:17 | Build | Farm |
| 18:17 | Build | Farm |
| 18:17 | Build | Farm |
| 18:17 | Build | Farm |
| 19:02 | Queue | Villager (Male) |
| 19:03 | Queue | Villager (Male) |
| 19:03 | Queue | Villager (Male) |
| 19:03 | Queue | Villager (Male) |
| 19:19 | Build | Farm |
| 19:30 | Queue | Villager (Male) |
| 19:43 | Build | Watch Tower |
| 19:45 | Queue | Villager (Male) |
| 19:45 | Queue | Villager (Male) |
| 19:58 | Queue | Huskarl |
| 19:58 | Queue | Huskarl |
| 20:14 | Queue | Villager (Male) |
| 20:15 | Queue | Villager (Male) |
| 20:15 | Queue | Villager (Male) |
| 20:29 | Queue | Villager (Male) |
| 20:30 | Queue | Villager (Male) |
| 20:30 | Queue | Villager (Male) |
| 20:43 | Queue | Villager (Male) |
| 20:43 | Queue | Villager (Male) |
| 20:49 | Queue | Villager (Male) |
| 20:49 | Queue | Villager (Male) |
| 21:06 | Queue | Villager (Male) |
| 21:07 | Queue | Villager (Male) |
| 21:24 | Build | Palisade Gate |
| 21:30 | Queue | Villager (Male) |
| 21:30 | Queue | Villager (Male) |
| 21:31 | Queue | Villager (Male) |
| 21:45 | Queue | Villager (Male) |
| 21:45 | Queue | Villager (Male) |
| 21:58 | Queue | Villager (Male) |
| 21:58 | Queue | Villager (Male) |
| 22:46 | Build | House |
| 22:50 | Build | House |
| 22:53 | Build | House |
| 22:55 | Queue | Villager (Male) |
| 22:55 | Queue | Villager (Male) |
| 22:56 | Queue | Villager (Male) |
| 23:07 | Queue | Villager (Male) |
| 23:21 | Queue | Villager (Male) |
| 23:22 | Queue | Villager (Male) |
| 23:42 | Queue | Villager (Male) |
| 23:42 | Queue | Villager (Male) |
| 24:00 | Queue | Villager (Male) |
| 24:18 | Build | Town Center |
| 24:28 | Queue | Villager (Male) |
| 24:28 | Queue | Villager (Male) |
| 24:47 | Research | Heavy Plow |
| 24:53 | Queue | Villager (Male) |
| 25:30 | Build | Town Center |
| 25:32 | Queue | Villager (Male) |
| 25:35 | Queue | Villager (Male) |
| 25:35 | Queue | Villager (Male) |
| 25:37 | Queue | Huskarl |
| 25:37 | Queue | Huskarl |
| 25:38 | Queue | Huskarl |
| 25:47 | Build | Farm |
| 25:51 | Queue | Villager (Male) |
| 25:51 | Queue | Villager (Male) |
| 26:08 | Queue | Villager (Male) |
| 26:09 | Queue | Villager (Male) |
Build order — CTM | Franco*
First 150 of 326 actions detected
| 0:03 | Queue | Villager (Male) |
| 0:03 | Queue | Villager (Male) |
| 0:03 | Queue | Villager (Male) |
| 0:03 | Queue | Villager (Male) |
| 0:04 | Queue | Villager (Male) |
| 0:10 | Build | Lumber Camp |
| 0:24 | Build | Farm |
| 1:00 | Queue | Villager (Male) |
| 1:01 | Queue | Villager (Male) |
| 1:16 | Queue | Villager (Male) |
| 1:16 | Queue | Villager (Male) |
| 1:42 | Queue | Villager (Male) |
| 1:42 | Queue | Villager (Male) |
| 2:05 | Queue | Villager (Male) |
| 2:05 | Queue | Villager (Male) |
| 2:31 | Queue | Villager (Male) |
| 2:31 | Queue | Villager (Male) |
| 2:51 | Queue | Villager (Male) |
| 2:51 | Queue | Villager (Male) |
| 3:23 | Queue | Villager (Male) |
| 3:23 | Queue | Villager (Male) |
| 3:46 | Queue | Villager (Male) |
| 3:54 | Build | Mining Camp |
| 4:50 | Research | Feudal Age |
| 5:12 | Build | Mill |
| 5:21 | Build | Farm |
| 5:30 | Research | Loom |
| 7:13 | Age | Feudal Age |
| 7:50 | Research | Castle Age |
| 8:05 | Build | Stone Wall |
| 8:31 | Research | Double-Bit Axe |
| 8:49 | Research | Horse Collar |
| 9:17 | Build | Stone Wall |
| 9:46 | Build | Stone Wall |
| 10:01 | Research | Gold Mining |
| 10:03 | Research | Stone Mining |
| 10:14 | Build | Stone Wall |
| 10:30 | Age | Castle Age |
| 10:39 | Build | Gate |
| 10:45 | Queue | Villager (Male) |
| 10:46 | Queue | Villager (Male) |
| 10:55 | Build | Town Center |
| 10:57 | Queue | Villager (Male) |
| 11:17 | Queue | Villager (Male) |
| 11:40 | Queue | Villager (Male) |
| 11:58 | Queue | Villager (Male) |
| 12:07 | Queue | Ballista Elephant |
| 12:08 | Queue | Ballista Elephant |
| 12:16 | Queue | Villager (Male) |
| 12:16 | Queue | Villager (Male) |
| 12:34 | Build | House |
| 12:39 | Queue | Villager (Male) |
| 12:50 | Queue | Villager (Male) |
| 13:06 | Build | Siege Workshop |
| 13:08 | Queue | Villager (Male) |
| 13:09 | Queue | Villager (Male) |
| 13:30 | Queue | Villager (Male) |
| 13:56 | Queue | Mangonel |
| 14:06 | Queue | Villager (Male) |
| 14:08 | Queue | Villager (Male) |
| 14:13 | Queue | Mangonel |
| 14:22 | Queue | Villager (Male) |
| 14:39 | Queue | Villager (Male) |
| 14:39 | Queue | Villager (Male) |
| 14:43 | Build | Farm |
| 14:45 | Build | Farm |
| 14:51 | Queue | Scorpion |
| 14:53 | Queue | Villager (Male) |
| 15:13 | Queue | Villager (Male) |
| 15:17 | Queue | Villager (Male) |
| 15:17 | Queue | Villager (Male) |
| 15:28 | Build | Mining Camp |
| 15:29 | Queue | Villager (Male) |
| 15:37 | Build | Lumber Camp |
| 15:43 | Queue | Villager (Male) |
| 15:44 | Queue | Villager (Male) |
| 15:55 | Build | House |
| 15:56 | Build | House |
| 15:58 | Queue | Villager (Male) |
| 16:21 | Queue | Villager (Male) |
| 16:22 | Queue | Villager (Male) |
| 16:32 | Queue | Villager (Male) |
| 16:35 | Queue | Scorpion |
| 16:35 | Queue | Scorpion |
| 16:43 | Queue | Scorpion |
| 16:47 | Queue | Villager (Male) |
| 16:54 | Queue | Villager (Male) |
| 17:07 | Queue | Villager (Male) |
| 17:16 | Build | Town Center |
| 17:22 | Queue | Villager (Male) |
| 17:31 | Build | House |
| 17:47 | Queue | Villager (Male) |
| 17:53 | Queue | Scorpion |
| 18:18 | Queue | Villager (Male) |
| 18:19 | Queue | Villager (Male) |
| 18:19 | Queue | Villager (Male) |
| 18:27 | Build | Farm |
| 18:28 | Build | Farm |
| 18:29 | Queue | Villager (Male) |
| 18:38 | Build | House |
| 18:40 | Build | House |
| 18:41 | Build | House |
| 18:43 | Queue | Villager (Male) |
| 18:58 | Queue | Villager (Male) |
| 19:05 | Build | Farm |
| 19:19 | Queue | Villager (Male) |
| 19:25 | Build | Farm |
| 19:26 | Build | Farm |
| 19:31 | Build | Farm |
| 19:46 | Queue | Villager (Male) |
| 19:47 | Queue | Villager (Male) |
| 19:48 | Queue | Villager (Male) |
| 19:49 | Queue | Villager (Male) |
| 20:00 | Queue | Villager (Male) |
| 20:06 | Build | Farm |
| 20:16 | Queue | Villager (Male) |
| 20:20 | Build | Farm |
| 20:21 | Queue | Villager (Male) |
| 20:28 | Build | Farm |
| 20:35 | Queue | Scorpion |
| 20:36 | Queue | Scorpion |
| 20:36 | Queue | Scorpion |
| 20:42 | Build | House |
| 20:43 | Build | House |
| 20:45 | Build | House |
| 20:47 | Build | House |
| 20:48 | Build | House |
| 20:49 | Build | House |
| 20:51 | Queue | Villager (Male) |
| 20:53 | Build | Farm |
| 21:01 | Queue | Villager (Male) |
| 21:02 | Queue | Villager (Male) |
| 21:06 | Build | Farm |
| 21:10 | Build | Farm |
| 21:13 | Queue | Villager (Male) |
| 21:16 | Queue | Villager (Male) |
| 21:19 | Build | Farm |
| 21:21 | Queue | Villager (Male) |
| 21:26 | Queue | Villager (Male) |
| 21:34 | Queue | Villager (Male) |
| 21:40 | Queue | Villager (Male) |
| 21:47 | Build | Farm |
| 21:50 | Queue | Villager (Male) |
| 21:53 | Queue | Villager (Male) |
| 22:00 | Build | Farm |
| 22:07 | Queue | Villager (Male) |
| 22:17 | Queue | Villager (Male) |
| 22:18 | Queue | Villager (Male) |
| 22:19 | Queue | Villager (Male) |
| 22:36 | Build | University |
Match timeline
| 1:27 | Bananaman651 · wall_segment Palisade Wall x1 |
| 6:53 | CTM | chiwire · age_up feudal |
| 7:12 | GAX | Soldado_Medeiros · age_up feudal |
| 7:13 | CTM | Franco* · age_up feudal |
| 7:13 | IRON MIKE · age_up feudal |
| 8:05 | CTM | Franco* · wall_segment Stone Wall x4 |
| 8:09 | CTM | SUNYQ · age_up feudal |
| 8:22 | PoopMaster · age_up feudal |
| 8:26 | Bananaman651 · age_up feudal |
| 8:48 | CTM | chiwire · wall_segment Stone Wall x7 |
| 8:50 | PSX | King · age_up feudal |
| 8:56 | CTM | chiwire · wall_segment Stone Wall x7 |
| 9:17 | CTM | Franco* · wall_segment Stone Wall x4 |
| 9:43 | PSX | King · first_market_buy 100 food |
| 9:46 | CTM | Franco* · wall_segment Stone Wall x4 |
| 9:49 | PSX | King · wall_segment Stone Wall x8 |
| 10:14 | CTM | Franco* · wall_segment Stone Wall x2 |
| 10:15 | PSX | King · wall_segment Stone Wall x5 |
| 10:30 | CTM | Franco* · age_up castle |
| 10:31 | CTM | chiwire · age_up castle |
| 10:40 | PSX | King · wall_segment Stone Wall x3 |
| 10:44 | IRON MIKE · age_up castle |
| 11:07 | GAX | Soldado_Medeiros · age_up castle |
| 11:20 | GAX | Soldado_Medeiros · first_market_buy 100 wood |
| 11:36 | CTM | SUNYQ · wall_segment Stone Wall x15 |
| 11:47 | CTM | SUNYQ · first_market_sell 100 food |
| 11:48 | CTM | SUNYQ · first_market_buy 100 stone |
| 11:55 | PoopMaster · age_up castle |
| 11:57 | Bananaman651 · age_up castle |
| 12:04 | CTM | SUNYQ · age_up castle |
| 12:14 | IRON MIKE · first_building Stable |
| 12:24 | GAX | Soldado_Medeiros · first_building Monastery |
| 12:24 | PSX | King · age_up castle |
| 12:27 | PSX | King · first_building Siege Workshop |
| 12:50 | PSX | King · first_building Barracks |
| 13:06 | CTM | Franco* · first_building Siege Workshop |
| 13:19 | PSX | King · first_market_sell 100 food |
| 13:27 | CTM | SUNYQ · wall_segment Palisade Wall x1 |
| 14:33 | PoopMaster · first_market_sell 100 food |
| 14:40 | Bananaman651 · first_building Monastery |
| 15:34 | GAX | Soldado_Medeiros · first_building Archery Range |
| 15:46 | Bananaman651 · wall_segment Stone Wall x10 |
| 15:53 | CTM | SUNYQ · wall_segment Stone Wall x5 |
| 15:55 | CTM | chiwire · first_market_buy 100 stone |
| 16:02 | CTM | chiwire · wall_segment Stone Wall x10 |
| 16:25 | PoopMaster · first_building Stable |
| 17:59 | Bananaman651 · wall_segment Stone Wall x11 |
| 19:20 | CTM | chiwire · wall_segment Stone Wall x7 |
| 19:40 | IRON MIKE · first_building Monastery |
| 20:40 | GAX | Soldado_Medeiros · first_building Barracks |
| 22:28 | Bananaman651 · first_building Siege Workshop |
| 23:22 | CTM | Franco* · first_building Castle |
| 23:42 | CTM | SUNYQ · first_building Monastery |
| 25:17 | IRON MIKE · age_up imperial |
| 25:20 | Bananaman651 · age_up imperial |
| 25:38 | CTM | SUNYQ · first_building Barracks |
| 25:51 | IRON MIKE · first_building Siege Workshop |
| 25:53 | CTM | chiwire · first_building Castle |
| 26:00 | CTM | chiwire · first_building Stable |
| 26:05 | CTM | SUNYQ · first_building Archery Range |
| 26:25 | CTM | chiwire · age_up imperial |
| 26:59 | IRON MIKE · first_market_sell 100 wood |
| 27:00 | Bananaman651 · first_market_sell 500 food |
| 27:28 | GAX | Soldado_Medeiros · age_up imperial |
| 27:29 | PSX | King · first_building Stable |
| 27:39 | GAX | Soldado_Medeiros · first_market_sell 100 wood |
| 27:45 | CTM | SUNYQ · age_up imperial |
| 28:04 | CTM | Franco* · wall_segment Stone Wall x11 |
| 29:21 | IRON MIKE · first_building Castle |
| 30:07 | CTM | Franco* · wall_segment Stone Wall x8 |
| 30:08 | CTM | SUNYQ · first_building Siege Workshop |
| 30:10 | CTM | Franco* · wall_segment Stone Wall x13 |
| 30:13 | CTM | Franco* · wall_segment Stone Wall x12 |
| 30:14 | Bananaman651 · first_market_buy 100 wood |
| 30:24 | PoopMaster · first_building Barracks |
| 31:05 | Bananaman651 · first_building Castle |
| 31:11 | GAX | Soldado_Medeiros · wall_segment Stone Wall x10 |
| 31:19 | CTM | Franco* · age_up imperial |
| 32:41 | GAX | Soldado_Medeiros · first_building Castle |
| 33:30 | GAX | Soldado_Medeiros · wall_segment Stone Wall x1 |
| 33:37 | GAX | Soldado_Medeiros · wall_segment Stone Wall x5 |
| 33:37 | PSX | King · first_building Castle |
| 34:07 | PSX | King · age_up imperial |
| 34:46 | CTM | Franco* · wall_segment Stone Wall x13 |
| 35:33 | GAX | Soldado_Medeiros · wall_segment Stone Wall x4 |
| 35:36 | GAX | Soldado_Medeiros · wall_segment Stone Wall x8 |
| 35:52 | GAX | Soldado_Medeiros · wall_segment Stone Wall x6 |
| 36:25 | CTM | chiwire · tribute_sent a jugador 1 |
| 36:25 | CTM | chiwire · tribute_sent a jugador 3 |
| 36:25 | CTM | chiwire · tribute_sent a jugador 4 |
| 36:25 | CTM | chiwire · tribute_sent a jugador 5 |
| 36:25 | CTM | chiwire · tribute_sent a jugador 6 |
| 36:25 | CTM | chiwire · tribute_sent a jugador 7 |
| 36:25 | CTM | chiwire · tribute_sent a jugador 8 |
| 36:55 | GAX | Soldado_Medeiros · wall_segment Stone Wall x6 |
| 37:17 | PSX | King · tribute_sent a jugador 1 |
| 37:17 | PSX | King · tribute_sent a jugador 2 |
| 37:17 | PSX | King · tribute_sent a jugador 3 |
| 37:17 | PSX | King · tribute_sent a jugador 4 |
| 37:17 | PSX | King · tribute_sent a jugador 5 |
| 37:17 | PSX | King · tribute_sent a jugador 7 |
| 37:17 | PSX | King · tribute_sent a jugador 8 |
| 37:56 | GAX | Soldado_Medeiros · wall_segment Stone Wall x1 |
| 38:41 | PoopMaster · age_up imperial |
| 39:08 | GAX | Soldado_Medeiros · wall_segment Stone Wall x1 |
| 39:26 | IRON MIKE · resign |
| 40:53 | CTM | Franco* · first_market_sell 500 food |
| 40:56 | GAX | Soldado_Medeiros · wall_segment Stone Wall x1 |
| 42:14 | CTM | Franco* · tribute_sent a jugador 1 |
| 42:14 | CTM | Franco* · tribute_sent a jugador 2 |
| 42:14 | CTM | Franco* · tribute_sent a jugador 3 |
| 42:14 | CTM | Franco* · tribute_sent a jugador 4 |
| 42:14 | CTM | Franco* · tribute_sent a jugador 5 |
| 42:14 | CTM | Franco* · tribute_sent a jugador 6 |
| 42:14 | CTM | Franco* · tribute_sent a jugador 7 |
| 43:00 | PSX | King · first_building Archery Range |
| 43:38 | CTM | SUNYQ · first_building Castle |
| 43:42 | PSX | King · wall_segment Stone Wall x12 |
| 46:26 | CTM | Franco* · tribute_sent a jugador 1 |
| 46:26 | CTM | Franco* · tribute_sent a jugador 2 |
| 46:26 | CTM | Franco* · tribute_sent a jugador 3 |
| 46:26 | CTM | Franco* · tribute_sent a jugador 4 |
| 46:26 | CTM | Franco* · tribute_sent a jugador 5 |
| 46:26 | CTM | Franco* · tribute_sent a jugador 6 |
| 46:26 | CTM | Franco* · tribute_sent a jugador 7 |
| 50:51 | CTM | Franco* · first_market_buy 500 stone |
| 53:06 | CTM | Franco* · wall_segment Stone Wall x9 |
| 53:13 | CTM | Franco* · first_building Monastery |
[ AI ANALYSIS · 1 CREDIT ]
What really happened in this match?
Wolo.gg analyzes every decision: build order, eco, micro, common mistakes by bracket. Personalized analysis on WhatsApp or Discord in 30 seconds.
Civ guide
Persians
Perfil
Jugador #23959581